 Dungeon Crawl Stone Soup version 0.28.0-53-g5a82cb258f (webtiles) character file.

Game seed: 8507681241895146463

3384 Nyth the Protected (level 9, -7/77 (81) HPs)
             Began as a Minotaur Berserker on Aug 9, 2022.
             Was a Believer of Trog.
             Mangled by Psyche
             ... wielding a +1 dagger of chaos
              (19 damage)
             ... on level 8 of the Dungeon.
             The game lasted 00:23:55 (11578 turns).

Nyth the Protected (Minotaur Berserker)            Turns: 11578, Time: 00:23:56

HP:   -7/77 (81)    AC: 15    Str: 23    XL:     9   Next: 74%
MP:   8/8           EV:  9    Int: 16    God:    Trog [**....]
Gold: 328           SH:  0    Dex: 13    Spells: 8/8 levels left

rFire   . . .      SeeInvis .   w - +5 great sword (freeze)
rCold   . . .      Faith    .   (shield currently unavailable)
rNeg    . . .      Spirit   .   o - +1 plate armour
rPois   .          Reflect  .   (helmet restricted)
rElec   .          Harm     .   (no cloak)
rCorr   .          Rampage  .   (no gloves)
Will    ++...                   (no boots)
Stlth   ..........              (no amulet)
HPRegen 1.22/turn               q - +6 ring of intelligence
MPRegen 0.11/turn               r - +6 ring of intelligence

@: strong-willed, on berserk cooldown, regenerating, slowed, lightly drained,
very slow
A: horns 2, retaliatory headbutt
a: Renounce Religion, Berserk, Trog's Hand


You were on level 8 of the Dungeon.
You worshipped Trog.
Trog was pleased with you.
You visited 1 branch of the dungeon, and saw 8 of its levels.

You collected 328 gold pieces.

Inventory:

Hand Weapons
 b - a +1 short sword of draining
 e - the +4 arbalest "Kidik" {elec, Will- Str+6 Int+8}
   (You found it on level 6 of the Dungeon)

   Any ammunition fired from it occasionally discharges a powerful burst of
   electricity upon striking a foe.
   Str:       It affects your strength (+6).
   Int:       It affects your intelligence (+8).
   Will:      It decreases your willpower.
 l - a +0 trident of venom
 u - a +6 halberd
 v - a +3 dire flail
 w - a +5 great sword of freezing (weapon)
Missiles
 a - 11 bolts
 m - 44 arrows
 p - 5 javelins
Armour
 o - a +1 plate armour (worn)
Magical Staves
 f - a staff of death
Jewellery
 q - a +6 ring of intelligence (left hand)
 r - a +6 ring of intelligence (right hand)
Wands
 c - a wand of flame (26)
 j - a wand of acid (7)
Scrolls
 d - 2 scrolls of fog
 h - 6 scrolls of identify
 k - a scroll of amnesia
 s - a scroll of blinking
 t - a scroll of teleportation
Potions
 g - a potion of attraction
 i - 2 potions of resistance
 n - a potion of cancellation


   Skills:
 * Level 8.0 Fighting
 + Level 4.6(5.0) Short Blades
 + Level 2.6(4.2) Long Blades
 + Level 4.2 Maces & Flails
 + Level 6.0 Polearms
 * Level 2.5 Crossbows
 * Level 9.8 Armour
 * Level 5.7 Dodging
 - Level 1.8 Stealth


You had 8 spell levels left.
You didn't know any spells.
Your spell library contained the following spells:

 Spells                   Type           Power      Damage    Failure   Level
 Dazzling Flash           Conj/Hex       0%         N/A       100%        3
 Iskenderun's Mystic Bla  Conj/Tloc      0%         2d3       100%        4
 Starburst                Conj/Fire      0%         6d3       100%        6


Dungeon Overview and Level Annotations

Branches:
Dungeon (8/15)             Temple (0/1) D:7
   Lair: D:8-11

Altars:
Dithmenos

Shops:
D:4 :

Annotations:
D:8 Psyche


Innate Abilities, Weirdness & Mutations

You have a pair of horns on your head.
You reflexively headbutt those who attack you in melee.


Message History

Something tries to affect you, but you resist.
You feel a strong urge to attack something.
You feel sick.
You are too berserk!
You are no longer berserk.
You are exhausted.
You feel yourself slow down.
You feel sick. Something hits you.
* * * LOW HITPOINT WARNING * * *
You feel drained.
You feel sick.
You hear some strange, mumbled words.
A swirling arc of seething chaos appears!
An arc of chaos appears from out of thin air!
The arc of chaos hits you but does no damage.
You feel sick.
You hear some strange, mumbled words.
You feel sick. Something completely misses you. Something hits you.
* * * LOW HITPOINT WARNING * * *
Unknown command.
You feel sick.
You are no longer poisoned.
You hear some strange, mumbled words.
A swirling arc of seething chaos appears!
An arc of chaos appears from out of thin air!
The arc of chaos hits you but does no damage.
You miss something.
Psyche appears from thin air!
Reactivating autopickup.
Psyche casts a spell.
A swirling arc of seething chaos appears!
The arc of chaos hits you.
You feel drained.
* * * LOW HITPOINT WARNING * * *
Psyche gestures wildly while chanting.
A swirling arc of seething chaos appears!
The arc of chaos hits you.
* * * LOW HITPOINT WARNING * * *
The arc of chaos hits you! You resist with almost no effort.
You slash Psyche! You freeze Psyche.
Psyche is severely wounded.
Psyche hits you but does no damage.
You are electrocuted!!
You die...

.#..###.. ....... .###
###^....###.. ..###....
.#.......#..###..#.....
.............#...(....
..#.....#......(..#
..##...##...(.....#
..#.....#....)....##
...........).#..@..#
.#.......#..###.@#.#
###.....###.# #.##.#
###.###.# ### ### #
>....#### ##.(.# #.###
#.# #.# ..#


You could see Psyche.

Vanquished Creatures
  A kobold demonologist (D:6)
  Maggie (D:7)
  Grinder (D:3)
  Prince Ribbit (D:8)
  A steam dragon (D:7)
  An orc warrior (D:4)
  2 black bears
  2 necrophages (D:5)
  2 sky beasts
  2 centaurs (D:6)
  2 phantoms
  Blork the orc (D:4)
  A bullfrog (D:7)
  2 gnoll sergeants
  A scorpion (D:6)
  8 wights (D:7)
  2 bullfrog zombies
  2 orc priests (D:6)
  2 hounds
  2 centaur zombies
  3 centaur skeletons
  3 iguanas
  An orc wizard (D:8)
  10 gnolls
  2 howler monkey skeletons (D:6)
  A river rat (D:6)
  7 adders
  A shadow imp (D:5)
  2 ufetubi (D:6)
  5 worms (D:6)
  2 dart slugs
  17 orcs
  9 ball pythons
  6 endoplasms
  7 giant cockroaches
  4 goblins
  5 hobgoblins
  3 jackals (D:3)
  3 quokkas
  4 bats
  3 frilled lizards (D:1)
  A kobold (D:3)
  5 rats
141 creatures vanquished.

Vanquished Creatures (others)
  A gnoll (D:8)
  2 plants (D:6)
3 creatures vanquished.

Grand Total: 144 creatures vanquished

Notes
Turn   | Place    | Note
-------+----------+-------------------------------------------
     0 | D:1      | Nyth the Minotaur Berserker began the quest for the Orb.
     0 | D:1      | Reached XP level 1. HP: 19/19 MP: 0/0
   160 | D:1      | Found a faded altar of an unknown god.
   212 | D:1      | Reached XP level 2. HP: 14/27 MP: 1/1
   216 | D:1      | HP: 2/40 [ball python (2)]
  1397 | D:2      | You fall into a shaft and drop 1 floor!
  1410 | D:3      | Reached XP level 3. HP: 27/27 MP: 2/2
  3463 | D:3      | Reached skill level 3 in Armour
  3468 | D:3      | Reached skill level 1 in Short Blades
  3472 | D:3      | Reached XP level 4. HP: 14/41 MP: 3/3
  4234 | D:3      | Noticed Grinder
  4251 | D:3      | Killed Grinder
  4252 | D:3      | Reached skill level 4 in Armour
  4252 | D:3      | Reached skill level 1 in Stealth
  4252 | D:3      | Reached XP level 5. HP: 9/47 MP: 4/4
  4252 | D:3      | Reached XP level 6. HP: 11/53 MP: 5/5
  5171 | D:4      | Noticed Blork the orc
  5181 | D:4      | Killed Blork the orc
  5182 | D:4      | Reached skill level 5 in Armour
  5662 | D:4      | Found Vedghim's Book Shoppe.
  5736 | D:4      | Noticed an orc warrior
  5748 | D:4      | Killed an orc warrior
  5749 | D:4      | Reached skill level 5 in Fighting
  5749 | D:4      | Reached XP level 7. HP: 20/61 MP: 6/6
  7232 | D:5      | Entered Level 5 of the Dungeon
  7278 | D:5      | Reached skill level 1 in Polearms
  7361 | D:5      | Reached skill level 6 in Armour
  7863 | D:5      | Found a shadowy altar of Dithmenos.
  8005 | D:5      | Reached XP level 8. HP: 54/70 MP: 7/7
  8549 | D:6      | Noticed a kobold demonologist
  8556 | D:6      | Killed a kobold demonologist
  8557 | D:6      | Reached skill level 7 in Armour
  8840 | D:6      | Reached skill level 8 in Armour
  8886 | D:6      | Reached ** piety under Trog
  8956 | D:6      | Identified the +4 arbalest "Kidik" {elec, Will- Str+6
                  | Int+8}
  9074 | D:6      | Reached XP level 9. HP: 64/79 MP: 8/8
  9093 | D:6      | Reached skill level 5 in Dodging
  9242 | D:6      | Reached skill level 5 in Polearms
 10260 | D:7      | Reached skill level 1 in Crossbows
 10618 | D:7      | Reached skill level 9 in Armour
 10787 | D:7      | Found a staircase to the Ecumenical Temple.
 10943 | D:7      | Noticed Maggie
 10951 | D:7      | Killed Maggie
 10952 | D:7      | Reached skill level 1 in Long Blades
 11543 | D:8      | Noticed Prince Ribbit
 11544 | D:8      | Noticed Psyche
 11547 | D:8      | Killed Prince Ribbit
 11578 | D:8      | Mangled by Psyche

Illustrated notes

Levels and vault maps discovered:
D:1:      wander_arrival_lonely_grave, layout_loops_ring,
          basic_ecumenical_altar, minmay_misc_feat_square,
          minmay_strange_pillars
D:2:      minmay_chambers_of_twos, layout_basic
D:3:      minmay_roachtagon, layout_loops_ring, chequers_serial_rivers_small_b,
          uniq_grinder
D:4:      layout_basic, serial_shops, nicolae_shop_behind_doors,
          grunt_ministairs_5, uniq_blork_the_orc
D:5:      layout_basic, grunt_dithmenos_smoke
D:6:      layout_basic, lightli_sewer_entry_pipes, minmay_large_rounded_square,
          corexii_shack
D:7:      layout_basic, minmay_temple_entry_overgrown, uniq_maggie
D:8:      nicolae_cairo_tiling_large_dashed, layout_basic, uniq_psyche,
          uniq_prince_ribbit1

Skill      XL: |  1  2  3  4  5  6  7  8  9 |
---------------+----------------------------+-----
Maces & Flails | 4 |  4.2
Fighting       | 4 5 7 8 |  8.0
Armour         | 3 4 5 6 8 9 |  9.8
Short Blades   | 1 3 4 |  4.6
Dodging        | 3 4 5 |  5.7
Stealth        | 1 |  1.8
Polearms       | 2 4 6 |  6.0
Crossbows      | 2 |  2.5
Long Blades    | 2 |  2.6

Action                   |  1- 3 |  4- 6 |  7- 9 || total
-------------------------+-------+-------+-------++-------
Melee: Mace              |    17 |       |       ||    17
       Headbutt          |     7 |     7 |    58 ||    72
       Punch             |     1 |       |     4 ||     5
       Dagger            |    32 |       |       ||    32
       Short sword       |    17 |    65 |     2 ||    84
       Trident           |       |       |   241 ||   241
       Great sword       |       |       |    34 ||    34
       Arbalest          |       |       |     4 ||     4
       Unarmed           |       |       |     1 ||     1
 Fire: Arbalest          |       |       |     8 ||     8
Invok: Berserk           |     4 |     4 |     7 ||    15
       Trog's Hand       |       |       |     1 ||     1
  Use: Scroll            |     2 |       |     7 ||     9
       Potion            |       |       |     5 ||     5
Armor: Animal skin       |     3 |       |       ||     3
       Ring mail         |    22 |    28 |     2 ||    52
       Plate armour      |       |       |   186 ||   186
Dodge: Dodged            |    41 |    49 |   114 ||   204
